 Dungeon Crawl Stone Soup version 0.31-a0-229-g1fc7ce93e2 (webtiles) character file.

Game seed: 8496797985875231249

15788 qw the Marksminotaur (level 12, -16/107 HPs)
             Began as a Minotaur Hexslinger on July 6, 2023.
             Was an Elder of Okawaru.
             Demolished by a death yak (20 damage)
             ... on level 3 of the Lair of Beasts.
             The game lasted 00:03:43 (10083 turns).

qw the Marksminotaur (Minotaur Hexslinger)         Turns: 10083, Time: 00:03:43

Health: -16/107    AC: 13    Str: 13    XL:     12   Next: 4%
Magic:  16/17      EV: 17    Int: 10    God:    Okawaru [****..]
Gold:   234        SH:  0    Dex: 18    Spells: 12/13 levels left

rFire   . . .        t - +2 orcbow (heavy)
rCold   + . .        (shield currently unavailable)
rNeg    . . .        r - +1 ring mail {rC+}
rPois   +            (helmet restricted)
rElec   .            j - +0 cloak
rCorr   +            c - +0 pair of gloves
SInv    .            n - +0 pair of boots
Will    .....        (no amulet)
Stlth   ++           f - ring of resist corrosion
HPRegen 0.37/turn    m - ring of poison resistance
MPRegen 0.15/turn

%: no passive effects
@: heroic
A: horns 2, retaliatory headbutt
a: Renounce Religion, Heroism, Finesse


You were on level 3 of the Lair of Beasts.
You worshipped Okawaru.
Okawaru was greatly pleased with you.
You visited 3 branches of the dungeon, and saw 13 of its levels.

You collected 557 gold pieces.
You spent 323 gold pieces at shops.


Innate Abilities, Weirdness & Mutations

You have a pair of horns on your head.
You reflexively headbutt those who attack you in melee.


   Skills:
 - Level 10.3(15.3) Fighting
 + Level 15.3(20.3) Ranged Weapons
 - Level 6.0(11.0) Armour
 - Level 6.0(11.0) Dodging
 - Level 1.0 Spellcasting
 - Level 2.0 Hexes
 + Level 8.2 Invocations


You had 12 spell levels left.
You knew the following spells:

 Your Spells              Type           Power      Damage    Failure   Level
a - Slow                  Hex            16%        N/A       26%         1

Your spell library contained the following spells:

 Spells                   Type           Power      Damage    Failure   Level
 Inner Flame              Hex/Fire       2%         N/A       77%         3
 Portal Projectile        Hex/Tloc       4%         N/A       77%         3
 Cause Fear               Hex            2%         N/A       95%         4

Inventory:

Hand Weapons
 a - the +7 shortbow of Spite {drain, rF+ Str+4 Int+3}
   (You acquired it on level 1 of the Dungeon)

   Str:       It affects your strength (+4).
   Int:       It affects your intelligence (+3).
   rF:        It protects you from fire.
 t - a +2 heavy orcbow (weapon)
Armour
 c - a +0 pair of gloves (worn)
 e - the +1 robe of Toew {Contam rF+++ rN+ Will-}
   (You bought it in a shop on level 7 of the Dungeon)

   rF:        It renders you almost immune to fire.
   rN:        It protects you from negative energy.
   Contam:    It causes magical contamination when unequipped.
   Will:      It decreases your willpower.
 j - a +0 cloak (worn)
 l - +1 steam dragon scales
 n - a +0 pair of boots (worn)
 q - the +1 cloak of Integrity {Harm Drain Will+++ Dex-3}
   (You acquired it on level 6 of the Dungeon)

   Dex:       It affects your dexterity (-3).
   Drain:     It drains your maximum health when unequipped.
   Harm:      It increases damage dealt and taken.
   Will:      It greatly increases your willpower.
 r - a +1 ring mail of cold resistance (worn)
Jewellery
 f - a ring of resist corrosion (left hand)
 g - a ring of ice
 m - a ring of poison resistance (right hand)
Scrolls
 i - 2 scrolls of identify
Potions
 h - a potion of mutation
 k - a potion of haste
 o - a potion of might {unknown}
 p - 2 potions of magic

Dungeon Overview and Level Annotations

Branches:
Dungeon (9/15)             Temple (1/1) D:7            Lair (3/5) D:9
  Swamp (0/4) Lair:2
  Snake: Lair:2-3    Spider: Lair:2-3       Orc: D:9-12

Altars:
Ashenzari
Dithmenos
Elyvilon
Fedhas
Gozag
Hepliaklqana
Kikubaaqudgha
Makhleb
Nemelex Xobeh
Okawaru
Qazlal
Ru
Sif Muna
Uskayaw
Vehumet
Wu Jian
Xom
Yredelemnul
Zin
The Shining One

Shops:
D:7 [***   D:8 [

Annotations:
D:4 1 runed translucent door, 2 transporters, Crazy Yiuf; qw's ghost, amateur MiHs
D:5 2 transporters
D:6 2 runed translucent doors


Message History

You kill the death yak!
Okawaru accepts your kill. Okawaru grants you throwing weapons!
Something appears at your feet! The death yak misses you. x2
Your Invocations skill increases to level 8!
You shoot an arrow. The arrow hits the death yak!
The death yak is heavily wounded.
The death yak gores you! x2
You shoot an arrow. The arrow hits the death yak!!
The death yak is almost dead.
The death yak closely misses you.
The death yak gores you but does no damage. x2
You shoot an arrow. The arrow hits the death yak.
The death yak is almost dead.
The death yak gores you. The death yak closely misses you.
The death yak completely misses you. You furiously retaliate!
You headbutt the death yak! You shoot an arrow. The arrow hits the death yak!!
You kill the death yak!
Okawaru is honoured by your kill. The death yak gores you! x2
You have reached level 12!
You feel agile.
10080 ||| DRINKING potion of heal wounds.
You feel much better. The death yak closely misses you.
The death yak barely misses you. You furiously retaliate!
You headbutt the death yak, but do no damage.
The death yak closely misses you.
You shoot an arrow.
The arrow hits the death yak but does no damage.
The death yak is lightly wounded.
The death yak gores you! The death yak gores you. x2
You shoot an arrow. The arrow hits the death yak!!
The death yak is moderately wounded.
The death yak completely misses you. The death yak barely misses you.
The death yak gores you!
You shoot an arrow. The arrow hits the death yak!
The death yak is heavily wounded.
The death yak gores you!!
You die...

## ##. ... ##### #.#
#.#.# ##.Y##..##
#..Y@..#.#
.....##Y..####### .#.
##...#...P#
#....#...##
########..## # ##..#
.###.....##.###.## .
...........#....#
..#..#..........#####
.


You could see 3 death yaks.

Vanquished Creatures
  A boulder beetle (Lair:1)
  3 death yaks (Lair:3)
  An oklob plant (Lair:2)
  A black mamba (Lair:1)
  Maggie (D:8)
  3 cane toads
  A torpor snail (Lair:2)
  A komodo dragon (Lair:1)
  3 tyrant leeches (Lair:2)
  6 blink frogs (Lair:1)
  Prince Ribbit (D:6)
  6 dream sheep
  A vampire (D:9)
  14 yaks
  4 wyverns
  4 basilisks
  10 water moccasins
  3 swamp worms (Lair:2)
  A black bear (D:6)
  3 ogres
  10 wolves (Lair:2)
  A centaur (D:5)
  A phantom (D:6)
  A kobold brigand (D:9)
  3 bullfrogs
  2 gnoll sergeants (D:7)
  4 scorpions
  4 wights (D:8)
  4 killer bees (D:9)
  3 howler monkeys (D:7)
  5 orc priests
  3 jellies
  3 gnoll boudas
  A sleepcap (D:7)
  Ijyb (D:3)
  Natasha (twice) (D:3)
  6 iguanas
  7 orc wizards
  11 gnolls
  8 adders
  A shadow imp (D:6)
  2 ufetubi (D:6)
  5 worms
  2 dart slugs
  27 orcs
  5 ball pythons
  8 bats
  6 endoplasms
  3 giant cockroaches (D:1)
  A goblin (D:2)
  7 hobgoblins
  7 jackals (D:4)
  8 kobolds
  3 quokkas
  2 frilled lizards
  4 rats
239 creatures vanquished.

Notes
Turn   | Place    | Note
-------+----------+-------------------------------------------
     0 | D:1      | qw the Minotaur Hexslinger began the quest for the Orb.
     0 | D:1      | Reached XP level 1. HP: 16/16 MP: 1/1
     0 | D:1      | 0 ||| qw: Version: 0.3-a-46-gb1f654a
     0 | D:1      | 0 ||| qw: Game counter: 1645
     0 | D:1      | 0 ||| qw: Melee chars always use a shield: true
     0 | D:1      | 0 ||| qw: God list: Okawaru
     0 | D:1      | 0 ||| qw: Allow faded altars: false
     0 | D:1      | 0 ||| qw: Do Orc after clearing Dungeon:15 true
     0 | D:1      | 0 ||| qw: Do second Lair branch before Depths: true
     0 | D:1      | 0 ||| qw: Lair rune preference: random
     0 | D:1      | 0 ||| qw: Goals: Normal
     0 | D:1      | 0 ||| PLANNING D:1-11
    17 | D:1      | 17 ||| FLEEEEING.
   123 | D:1      | Reached skill level 3 in Ranged Weapons
   123 | D:1      | Reached XP level 2. HP: 18/23 MP: 2/2
   634 | D:1      | 634 ||| UPGRADING to +0 cloak.
   639 | D:1      | 639 ||| UPGRADING to +0 leather armour.
   649 | D:1      | 649 ||| DROPPING +0 robe.
   650 | D:1      | 650 ||| UPGRADING to +0 pair of boots.
   655 | D:1      | 655 ||| UPGRADING to ring of resist corrosion.
   656 | D:1      | 656 ||| READING scroll labelled VOILEO OGIWN.
   657 | D:1      | 657 ||| READING scroll labelled WAMETE OF SOU.
   658 | D:1      | 658 ||| READING scroll labelled MEWEN KOWIWN.
   658 | D:1      | Identified a scroll of acquirement
   658 | D:1      | 658 ||| ACQUIRING +7 shortbow of Spite {drain, rF+ Str+4
                  | Int+3}
   658 | D:1      | Acquired the +7 shortbow of Spite {drain, rF+ Str+4 Int+3}
   660 | D:1      | 660 ||| SWAPPING to +7 shortbow of Spite {drain, rF+ Str+4
                  | Int+3}.
   661 | D:1      | 661 ||| DROPPING +1 sling.
   662 | D:1      | 662 ||| READING scroll labelled MIAZAENNEU.
   663 | D:1      | 663 ||| DROPPING scroll of poison.
   712 | D:2      | Reached XP level 3. HP: 29/29 MP: 3/3
   884 | D:2      | Reached skill level 4 in Ranged Weapons
  1088 | D:2      | Reached XP level 4. HP: 36/36 MP: 4/4
  1106 | D:2      | 1106 ||| UPGRADING to +0 ring mail.
  1109 | D:2      | 1109 ||| UPGRADING to +0 ring mail.
  1122 | D:2      | 1122 ||| DROPPING +0 leather armour.
  1394 | D:2      | 1394 ||| UPGRADING to ring of poison resistance.
  1395 | D:2      | 1395 ||| READING 2 scrolls labelled WAALLO PIWUKUT.
  1399 | D:2      | 1399 ||| READING scroll labelled WAZITZUATT.
  1400 | D:2      | 1400 ||| READING scroll labelled NANEINK YMITANT.
  1416 | D:3      | Reached skill level 1 in Armour
  1419 | D:3      | Noticed Ijyb
  1422 | D:3      | 1422 ||| FLEEEEING.
  1426 | D:3      | 1426 ||| STAIRDANCE
  1484 | D:3      | 1484 ||| STAIRDANCE
  1536 | D:3      | 1536 ||| FLEEEEING.
  1537 | D:3      | 1537 ||| STAIRDANCE
  1556 | D:3      | 1556 ||| STAIRDANCE
  1627 | D:3      | 1627 ||| FLEEEEING.
  1628 | D:3      | 1628 ||| FLEEEEING.
  1629 | D:3      | 1629 ||| STAIRDANCE
  1699 | D:3      | 1699 ||| STAIRDANCE
  1779 | D:3      | Killed Ijyb
  1780 | D:3      | Reached skill level 5 in Ranged Weapons
  1947 | D:3      | Noticed an ogre
  1949 | D:3      | Killed an ogre
  1950 | D:3      | Reached XP level 5. HP: 47/47 MP: 5/5
  1990 | D:3      | Noticed Natasha
  1992 | D:3      | Killed Natasha
  2026 | D:3      | Noticed Natasha
  2028 | D:3      | Killed Natasha
  2029 | D:3      | Reached XP level 6. HP: 53/53 MP: 6/6
  2335 | D:3      | 2335 ||| DRINKING 2 viscous orange potions.
  2336 | D:3      | 2336 ||| READING 2 scrolls of identify.
  2336 | D:3      | 2336 ||| IDENTIFYING glowing clear potion
  2390 | D:4      | Reached skill level 6 in Ranged Weapons
  2462 | D:4      | Found a runed translucent door.
  2463 | D:4      | Noticed Crazy Yiuf
  2647 | D:4      | Found a transporter.
  2648 | D:4      | Noticed qw's ghost (amateur MiHs)
  2865 | D:4      | Found a transporter.
  2924 | D:5      | Entered Level 5 of the Dungeon
  2932 | D:5      | Reached skill level 7 in Ranged Weapons
  2938 | D:5      | Found a transporter.
  2965 | D:5      | Reached XP level 7. HP: 60/60 MP: 7/7
  3035 | D:5      | 3035 ||| READING scroll of acquirement.
  3035 | D:5      | 3035 ||| ACQUIRING +2 orcbow of freezing
  3035 | D:5      | Acquired a +2 orcbow of freezing
  3037 | D:5      | 3037 ||| SWAPPING to +2 orcbow of freezing.
  3057 | D:5      | Reached skill level 8 in Ranged Weapons
  3104 | D:5      | Found a transporter.
  3221 | D:5      | Found a basalt altar of Yredelemnul.
  3222 | D:5      | Found a shimmering blue altar of Sif Muna.
  3222 | D:5      | Found a white marble altar of Elyvilon.
  3233 | D:5      | Found a broken altar of Ashenzari.
  3598 | D:6      | 3598 ||| READING scroll of acquirement.
  3598 | D:6      | 3598 ||| ACQUIRING +1 cloak of Integrity {Harm Drain
                  | Will+++ Dex-3}
  3598 | D:6      | Acquired the +1 cloak of Integrity {Harm Drain Will+++
                  | Dex-3}
  3688 | D:6      | Reached skill level 9 in Ranged Weapons
  3688 | D:6      | Reached XP level 8. HP: 68/68 MP: 8/8
  3690 | D:6      | Noticed Prince Ribbit
  3698 | D:6      | 3698 ||| FLEEEEING.
  3699 | D:6      | 3699 ||| FLEEEEING.
  3700 | D:6      | 3700 ||| FLEEEEING.
  3709 | D:6      | Killed Prince Ribbit
  3861 | D:6      | Reached skill level 6 in Fighting
  4186 | D:6      | Found a large runed translucent door.
  4187 | D:6      | Found a large runed translucent door.
  4511 | D:6      | 4511 ||| UPGRADING to +1 ring mail of cold resistance.
  4521 | D:6      | 4521 ||| DROPPING +0 ring mail.
  4522 | D:6      | 4522 ||| READING scroll labelled KEDISU ONIUR.
  4523 | D:6      | 4523 ||| READING scroll labelled BENILO IBLEFOSM.
  4524 | D:6      | 4524 ||| READING scroll labelled SUETREAHUM.
  4525 | D:6      | 4525 ||| READING 3 scrolls of identify.
  4525 | D:6      | 4525 ||| IDENTIFYING metallic orange potion
  4526 | D:6      | 4526 ||| READING 2 scrolls of identify.
  4526 | D:6      | 4526 ||| IDENTIFYING dark potion
  4527 | D:6      | 4527 ||| DROPPING potion of degeneration.
  4599 | D:7      | HP: 14/71 [orc/+0 short sword (5)]
  4600 | D:7      | 4600 ||| READING 3 scrolls of teleportation.
  4601 | D:7      | 4601 ||| DRINKING 2 potions of heal wounds.
  4658 | D:7      | Reached skill level 10 in Ranged Weapons
  4660 | D:7      | Reached skill level 3 in Armour
  4726 | D:7      | Reached XP level 9. HP: 31/79 MP: 9/9
  4747 | D:7      | HP: 18/79 [acid (3)]
  4748 | D:7      | 4748 ||| READING 2 scrolls of teleportation.
  4749 | D:7      | 4749 ||| DRINKING potion of heal wounds.
  4909 | D:7      | Found a staircase to the Ecumenical Temple.
  4910 | D:7      | 4910 ||| PLANNING TEMPLE
  4916 | Temple   | Entered the Ecumenical Temple
  4998 | Temple   | 4998 ||| PLANNING OKAWARU WORSHIP
  5007 | Temple   | Became a worshipper of Warmaster Okawaru
  5008 | Temple   | 5008 ||| PLANNING D:1-11
  5069 | D:7      | Found Osovis's Armour Emporium.
  5076 | D:7      | Found Yfoexter's General Store.
  5095 | D:7      | 5095 ||| BUYING +0 pair of gloves (58 gold).
  5095 | D:7      | Bought a +0 pair of gloves for 58 gold pieces
  5095 | D:7      | 5095 ||| BUYING potion of curing (39 gold).
  5095 | D:7      | Bought a potion of curing for 39 gold pieces
  5117 | D:7      | Found Diethri's Assorted Antiques.
  5130 | D:7      | 5130 ||| BUYING opalescent robe (142 gold).
  5130 | D:7      | Bought an opalescent robe for 142 gold pieces
  5130 | D:7      | Identified the +1 robe of Toew {Contam rF+++ rN+ Will-}
                  | (You bought it in a shop on level 7 of the Dungeon)
  5130 | D:7      | 5130 ||| SHOPLISTING scroll of brand weapon (237 gold, have
                  | 86).
  5130 | D:7      | 5130 ||| SHOPLISTING scroll of enchant weapon (187 gold,
                  | have 86).
  5130 | D:7      | 5130 ||| BUYING scroll of identify (50 gold).
  5130 | D:7      | Bought a scroll of identify for 50 gold pieces
  5174 | D:7      | 5174 ||| DRINKING 2 potions of curing.
  5174 | D:7      | 5174 ||| (to cure confusion)
  5197 | D:7      | Found the +5 woodcutter's axe
  5198 | D:7      | Identified the +2 hand axe of Omyfont {pain, Will+}
  5238 | D:7      | 5238 ||| DRINKING potion of curing.
  5238 | D:7      | 5238 ||| (to cure confusion)
  5262 | D:7      | Found Nothrem's Assorted Antiques.
  5274 | D:7      | 5274 ||| SHOPLISTING 3 scrolls labelled BUPUIG QIXTET (51
                  | gold, have 50).
  5274 | D:7      | 5274 ||| BUYING scroll of identify (34 gold).
  5274 | D:7      | Bought a scroll of identify for 34 gold pieces
  5274 | D:7      | 5274 ||| SHOPLISTING scroll of teleportation (51 gold, have
                  | 16).
  5348 | D:7      | Reached skill level 11 in Ranged Weapons
  5446 | D:7      | 5446 ||| UPGRADING to +0 pair of gloves.
  5451 | D:7      | 5451 ||| READING 3 scrolls of identify.
  5451 | D:7      | 5451 ||| IDENTIFYING lumpy emerald potion
  5452 | D:7      | 5452 ||| READING 2 scrolls of identify.
  5452 | D:7      | 5452 ||| IDENTIFYING silvery potion
  5453 | D:7      | 5453 ||| DROPPING potion of lignification.
  5454 | D:7      | 5454 ||| DROPPING potion of attraction.
  5483 | D:8      | Noticed Maggie
  5494 | D:8      | HP: 17/79 [orc wizard/magic dart (7)]
  5494 | D:8      | Killed Maggie
  5494 | D:8      | HP: 6/79 [yak (11)]
  5495 | D:8      | 5495 ||| READING scroll of teleportation.
  5496 | D:8      | 5496 ||| DRINKING potion of heal wounds.
  5702 | D:8      | 5702 ||| DROPPING +1 orcbow of electrocution.
  5727 | D:8      | Reached * piety under Okawaru
  5814 | D:8      | Reached skill level 1 in Invocations
  5902 | D:8      | 5902 ||| INVOKING Heroism.
  5904 | D:8      | Reached skill level 12 in Ranged Weapons
  6005 | D:8      | Found Xontenupo's Armour Shop.
  6014 | D:8      | 6014 ||| SHOPLISTING +1 cloak of preservation (231 gold,
                  | have 26).
  6037 | D:8      | 6037 ||| DROPPING +6 ring of intelligence.
  6091 | D:9      | Reached skill level 3 in Invocations
  6137 | D:9      | 6137 ||| Stepping ~*~*~tactically~*~*~ (outnumbered).
  6140 | D:9      | 6140 ||| INVOKING Heroism.
  6408 | D:9      | Reached XP level 10. HP: 75/86 MP: 11/11
  6413 | D:9      | Reached ** piety under Okawaru
  6424 | D:9      | 6424 ||| INVOKING Heroism.
  6610 | D:9      | Found a staircase to the Lair.
  6937 | D:9      | 6937 ||| PLANNING LAIR
  6937 | D:9      | 6937 ||| DROPPING amulet of guardian spirit.
  6938 | D:9      | 6938 ||| DRINKING 3 black potions.
  6939 | D:9      | 6939 ||| READING 2 scrolls of identify.
  6939 | D:9      | 6939 ||| IDENTIFYING bubbling brown potion
  6940 | D:9      | 6940 ||| DROPPING potion of brilliance.
  7011 | Lair:1   | Entered Level 1 of the Lair of Beasts
  7011 | Lair:1   | Noticed a black mamba
  7012 | Lair:1   | 7012 ||| INVOKING Heroism.
  7015 | Lair:1   | Killed a black mamba
  7016 | Lair:1   | Reached skill level 13 in Ranged Weapons
  7032 | Lair:1   | Reached *** piety under Okawaru
  7041 | Lair:1   | Reached skill level 9 in Fighting
  7096 | Lair:1   | 7096 ||| INVOKING Heroism.
  7344 | Lair:1   | 7344 ||| INVOKING Heroism.
  7358 | Lair:1   | 7358 ||| INVOKING Heroism.
  7362 | Lair:1   | Reached skill level 14 in Ranged Weapons
  7478 | Lair:1   | Reached **** piety under Okawaru
  7546 | Lair:1   | Noticed a boulder beetle
  7547 | Lair:1   | 7547 ||| INVOKING Heroism.
  7554 | Lair:1   | Killed a boulder beetle
  7555 | Lair:1   | Reached XP level 11. HP: 79/101 MP: 11/13
  7692 | Lair:1   | 7692 ||| INVOKING Heroism.
  7715 | Lair:1   | 7715 ||| INVOKING Heroism.
  7728 | Lair:1   | 7728 ||| INVOKING Heroism.
  7746 | Lair:1   | Reached skill level 6 in Dodging
  8155 | Lair:1   | 8155 ||| READING scroll labelled XOLIEL ITWOBLI.
  8156 | Lair:1   | 8156 ||| READING 2 scrolls of identify.
  8156 | Lair:1   | 8156 ||| IDENTIFYING grey potion
  8157 | Lair:1   | 8157 ||| DROPPING potion of ambrosia.
  8180 | Lair:2   | 8180 ||| STAIRDANCE
  8183 | Lair:1   | 8183 ||| INVOKING Heroism.
  8365 | Lair:2   | 8365 ||| INVOKING Heroism.
  8366 | Lair:2   | Found a staircase to the Swamp.
  8380 | Lair:2   | HP: 23/101 [tyrant leech (11)]
  8381 | Lair:2   | 8381 ||| READING scroll of teleportation.
  8534 | Lair:2   | 8534 ||| INVOKING Heroism.
  8535 | Lair:2   | HP: 24/101 [tyrant leech (22)]
  8851 | Lair:2   | 8851 ||| FLEEEEING.
  8852 | Lair:2   | 8852 ||| FLEEEEING.
  8853 | Lair:2   | 8853 ||| FLEEEEING.
  8857 | Lair:2   | 8857 ||| FLEEEEING.
  8858 | Lair:2   | 8858 ||| FLEEEEING.
  8859 | Lair:2   | 8859 ||| FLEEEEING.
  8860 | Lair:2   | 8860 ||| FLEEEEING.
  8861 | Lair:2   | 8861 ||| FLEEEEING.
  8862 | Lair:2   | 8862 ||| FLEEEEING.
  8863 | Lair:2   | 8863 ||| FLEEEEING.
  8864 | Lair:2   | 8864 ||| FLEEEEING.
  8865 | Lair:2   | 8865 ||| FLEEEEING.
  8866 | Lair:2   | 8866 ||| FLEEEEING.
  8867 | Lair:2   | 8867 ||| FLEEEEING.
  8871 | Lair:2   | 8871 ||| FLEEEEING.
  8872 | Lair:2   | 8872 ||| FLEEEEING.
  8873 | Lair:2   | 8873 ||| FLEEEEING.
  8874 | Lair:2   | 8874 ||| FLEEEEING.
  8875 | Lair:2   | 8875 ||| FLEEEEING.
  8876 | Lair:2   | 8876 ||| FLEEEEING.
  8877 | Lair:2   | 8877 ||| FLEEEEING.
  8878 | Lair:2   | 8878 ||| FLEEEEING.
  8879 | Lair:2   | 8879 ||| FLEEEEING.
  8880 | Lair:2   | 8880 ||| FLEEEEING.
  8886 | Lair:2   | Reached skill level 6 in Invocations
  9025 | Lair:2   | 9025 ||| INVOKING Heroism.
  9093 | Lair:2   | 9093 ||| INVOKING Heroism.
  9113 | Lair:2   | 9113 ||| INVOKING Heroism.
  9113 | Lair:2   | HP: 24/101 [torpor snail (17)]
  9505 | Lair:2   | Reached skill level 15 in Ranged Weapons
  9517 | Lair:2   | Noticed an oklob plant
  9518 | Lair:2   | 9518 ||| INVOKING Heroism.
  9521 | Lair:2   | Killed an oklob plant
  9842 | Lair:2   | 9842 ||| READING scroll labelled BUPUIG QIXTET.
  9943 | Lair:3   | 9943 ||| INVOKING Heroism.
 10028 | Lair:3   | Reached skill level 6 in Armour
 10065 | Lair:3   | Noticed a death yak
 10065 | Lair:3   | Noticed a death yak
 10065 | Lair:3   | Noticed a death yak
 10066 | Lair:3   | 10066 ||| INVOKING Heroism.
 10067 | Lair:3   | Noticed a death yak
 10067 | Lair:3   | Noticed a death yak
 10069 | Lair:3   | Noticed a death yak
 10071 | Lair:3   | Killed a death yak
 10075 | Lair:3   | Killed a death yak
 10075 | Lair:3   | Received a gift from Okawaru
 10079 | Lair:3   | Killed a death yak
 10079 | Lair:3   | HP: 22/101 [death yak (15)]
 10080 | Lair:3   | Reached XP level 12. HP: 23/107 MP: 15/17
 10080 | Lair:3   | 10080 ||| DRINKING potion of heal wounds.
 10082 | Lair:3   | HP: 3/107 [death yak (16)]
 10083 | Lair:3   | Demolished by a death yak

Levels and vault maps discovered:
D:1:      ncdulo_watergridlock, layout_rooms, kennysheep_flooded_box,
          minmay_misc_feat_rows, nicolae_figureground_pulse
D:2:      layout_basic, serial_glass, glass_columns_c, glass_columns_b,
          glass_columns_c, glass_columns_a, glass_columns_b, glass_columns_b,
          glass_columns_a, glass_columns_c
D:3:      layout_basic, minmay_misc_feat_more_columns, grunt_ministairs_14,
          minmay_misc_feat_five, kennysheep_generic_room_6, uniq_ijyb,
          uniq_natasha
D:4:      layout_cave_pools, gammafunk_ghost_mausoleum, uniq_crazy_yiuf_cottage
D:5:      gammafunk_wand_slinger, layout_basic,
          nicolae_overflow_quartered_altars
D:6:      layout_loops_ring, jmf_multi_god_temple2, uniq_prince_ribbit1
D:7:      layout_gridville, minmay_temple_entry_nine_rooms, serial_shops, shop,
          nicolae_stop_n_shop_2, nicolae_shop_rolling_square,
          nicolae_shop_waterfront, pf_guarded_unrand_woodcutter
D:8:      layout_rooms, serial_shops, nicolae_diamond_shop, uniq_maggie
D:9:      layout_loops_ring, david_lair_generic
Temple:   lightli_temple_of_artemis
Lair:1:   layout_regular_city
Lair:2:   layout_loops_ring, minmay_swamp_entry_worms
Lair:3:   layout_layer_cave, dummy_spider_entry

Skill      XL: |  1  2  3  4  5  6  7  8  9 10 11 |
---------------+----------------------------------+-----
Ranged Weapons | 3 4 5 7 9 10 12 14 15 | 15.3
Fighting       | 2 4 5 7 10 | 10.3
Armour         | 1 2 3 5 6 |  6.0
Dodging        | 4 5 6 |  6.0
Invocations    | 3 4 8 |  8.2
Spellcasting   | |  1.0
Hexes          | |  2.0

Action                     |  1- 3 |  4- 6 |  7- 9 | 10-12 || total
---------------------------+-------+-------+-------+-------++-------
   Fire: Sling             |    43 |       |       |       ||    43
         Shortbow          |    32 |   102 |    18 |       ||   152
         Orcbow            |       |       |   260 |   263 ||   523
 Invoke: Heroism           |       |       |     2 |    18 ||    20
    Use: Scroll            |     4 |     4 |    12 |     5 ||    25
         Potion            |       |     1 |     5 |     2 ||     8
 Armour: Robe              |     3 |       |       |       ||     3
         Leather armour    |     4 |       |       |       ||     4
         Ring mail         |       |    18 |    76 |    62 ||   156
         Skin              |       |     2 |       |       ||     2
  Dodge: Dodged            |    13 |    15 |    98 |   157 ||   283

Table legend:
 A = Non-vault XP
 B = Vault XP
 C = Vault XP percentage of total XP
 D = Non-vault monster count
 E = Vault monster count
 F = Vault count percentage of total count
                 A         B        C        D         E       F
            +---------+---------+-------+---------+---------+-------
      Total |   19402 |    3153 |  14.0 |     213 |      26 |  10.9
            +---------+---------+-------+---------+---------+-------
        D:1 |      32 |       0 |   0.0 |      16 |       0 |   0.0
        D:2 |      93 |       0 |   0.0 |      25 |       0 |   0.0
        D:3 |     187 |      80 |  30.0 |      10 |       7 |  41.2
        D:4 |     200 |       0 |   0.0 |      17 |       0 |   0.0
        D:5 |     661 |       0 |   0.0 |      14 |       0 |   0.0
        D:6 |     753 |     268 |  26.2 |      25 |       1 |   3.8
        D:7 |     826 |     304 |  26.9 |      17 |       7 |  29.2
        D:8 |    1124 |     389 |  25.7 |      10 |       1 |   9.1
        D:9 |    1588 |     764 |  32.5 |      26 |       4 |  13.3
     Lair:1 |    6168 |       0 |   0.0 |      23 |       0 |   0.0
     Lair:2 |    4532 |    1348 |  22.9 |      23 |       6 |  20.7
     Lair:3 |    3238 |       0 |   0.0 |       7 |       0 |   0.0
            +---------+---------+-------+---------+---------+-------
